 Dungeon Crawl Stone Soup version 0.30-a0-830-gfe289a77b0 (webtiles) character file.

Game seed: 974237158704778481

4 Iich the Trooper (level 1, 0/20 HPs)
             Began as a Hill Orc Fighter on Mar 1, 2023.
             Slain by a goblin
             ... wielding a +3 dagger
              (1 damage)
             ... on level 1 of the Dungeon.
             The game lasted 00:00:08 (64 turns).

Iich the Trooper (Hill Orc Fighter)                   Turns: 64, Time: 00:00:09

Health: 0/20       AC:  6    Str: 18    XL:     1   Next: 70%
Magic:  1/1        EV:  9    Int:  8    God:
Gold:   0          SH:  4    Dex: 10    Spells: 0/0 levels left

rFire   . . .      SeeInvis .    a - +0 war axe
rCold   . . .      Faith    .    c - +0 buckler
rNeg    . . .      Spirit   .    b - +0 scale mail
rPois   .          Reflect  .    (no helmet)
rElec   .          Harm     .    (no cloak)
rCorr   .          Rampage  .    (no gloves)
Will    .....                    (no boots) Stlth
                                 (no amulet)
HPRegen 0.23/turn                (no ring)
MPRegen 0.07/turn                (no ring)

@: no status effects
A: no striking features
a: no special abilities


You were on level 1 of the Dungeon.
You visited 1 branch of the dungeon, and saw 1 of its levels.

Inventory:

Hand Weapons
 a - a +0 war axe (weapon)
Armour
 b - a +0 scale mail (worn)
 c - a +0 buckler (worn)
Potions
 d - a potion of might
 e - a potion of haste {unknown}


   Skills:
 + Level 3.7 Fighting
 * Level 3.1 Axes
 - Level 3.2 Armour
 - Level 3.2 Shields


You couldn't memorise any spells.
You didn't know any spells.
Your spell library was empty.

Dungeon Overview and Level Annotations

Branches:
Dungeon (1/15)

Altars:


Message History

You kill the goblin!
The ball python bites you but does no damage.
The ball python constricts you. The kobold hits you with a +0 club.
* * * LOW HITPOINT WARNING * * *
The ball python bites you but does no damage.
The ball python constricts you.
You hit the kobold but do no damage. You hit the ball python.
You kill the ball python!
The kobold hits you with a +0 club.
* * * LOW HITPOINT WARNING * * *
You block the goblin's attack. The kobold hits you but does no damage.
The goblin hits you but does no damage.
Your Axes skill increases to level 3!
You hit the kobold.
The kobold is heavily wounded.
You closely miss the goblin. You hit the goblin. The kobold closely misses you.
The goblin hits you but does no damage. You block the goblin's attack.
You barely miss the kobold.
The kobold is heavily wounded.
You hit the goblin. You completely miss the goblin. You hit the hobgoblin.
The kobold closely misses you. The hobgoblin hits you.
* * * LOW HITPOINT WARNING * * *
The goblin barely misses you. You block the goblin's attack.
A rat comes into view.
You slash the goblin!
You kill the goblin!
You closely miss the hobgoblin. You closely miss the kobold.
You closely miss the goblin. The kobold hits you but does no damage.
The hobgoblin hits you but does no damage. x2
The kobold hits you but does no damage. The goblin hits you with a +3 dagger.
* * * LOW HITPOINT WARNING * * *
The goblin barely misses you.
You miss the goblin.
The goblin is severely wounded.
You hit the kobold. You miss the goblin. You slash the hobgoblin!
You kill the hobgoblin!
The kobold hits you but does no damage. The goblin hits you with a +0 club.
* * * LOW HITPOINT WARNING * * *
The goblin hits you with a +3 dagger.
You die...

#################
......>.........+
..##...####.####
..'............## .
..##.#.....###..####....
..##.####### ##.@K......
..##.#...# #.gg..r...
..##.#.<.# #.........
.....#...# #.........
###.###'### #.........
#.+.....#####...$.....
#.#.....#...#.....!...
#.#..⌠..'.8.#.........
###.#.....#...#


You could see 2 goblins, a kobold and a rat.

Vanquished Creatures
  A ball python (D:1)
  2 goblins (D:1)
  A hobgoblin (D:1)
  A frilled lizard (D:1)
5 creatures vanquished.

Notes
Turn   | Place    | Note
-------+----------+-------------------------------------------
     0 | D:1      | Iich the Hill Orc Fighter began the quest for the Orb.
     0 | D:1      | Reached XP level 1. HP: 19/19 MP: 1/1
    63 | D:1      | HP: 1/20 [goblin/+3 dagger (5)]
    64 | D:1      | Slain by a goblin

Illustrated notes

Levels and vault maps discovered:
D:1:      minmay_arrival_stair_chambers, layout_basic, serial_shops,
          nicolae_shop_hallway_plus, chequers_serial_rivers_micro_d

Skill      XL: |  1 |
---------------+----+-----
Axes           | 3 |  3.1
Fighting       | |  3.7
Armour         | |  3.2
Shields        | |  3.2

Action                     || total
---------------------------++-------
  Melee: War axe           ||     9
 Armour: Scale mail        ||    15
  Dodge: Dodged            ||     6
  Block: Buckler           ||     4

Table legend: (Time is in decaauts)
 A = Elapsed time spent in this place.
 B = Non-inter-level travel time spent in this place.
 C = Inter-level travel time spent in this place.
 D = Time resting spent in this place.
 E = Time spent auto-exploring this place.
 F = Levels seen in this place.
 G = Mean time per level.
                   A        B        C        D        E       F      G
               +--------+--------+--------+--------+--------+-----+--------+
         Total |     67 |     67 |      0 |      0 |     50 |   1 |   67.0 |
       Dungeon |     67 |     67 |      0 |      0 |     50 |   1 |   67.0 |
               +--------+--------+--------+--------+--------+-----+--------+

Top non-repeatable levels by time:
     D:1: 67 daAuts
